 Dungeon Crawl Stone Soup version 0.28-a0-1227-ga9037bb4c8 (webtiles) character file.

Game seed: 18237781021322343635

100 BinkBink the Grave Robber (level 4, -10/30 HPs)
             Began as a Mummy Necromancer on Dec 22, 2021.
             Mangled by a polar bear (28 damage)
             ... created by the rage of Trog
             ... on level 3 of the Dungeon.
             The game lasted 00:05:09 (2290 turns).

BinkBink the Grave Robber (Mummy Necromancer)       Turns: 2290, Time: 00:05:09

Health: -10/30     AC:  3    Str: 11    XL:     4   Next: 46%
Magic:  10/10      EV: 12    Int: 16    God:
Gold:   122        SH:  0    Dex: 12    Spells: 10/12 levels left

rFire   x . .      SeeInvis .   (no weapon)
rCold   + . .      Faith    .   (no shield)
rNeg    + + +      Spirit   .   a - +0 robe
rPois   ∞          Reflect  .   (no helmet)
rElec   .          Harm     .   (no cloak)
rCorr   .          Rampage  .   (no gloves)
Will    .....                   c - +0 pair of boots
Stlth   ++........              (no amulet)
HPRegen 0.10/turn               (no ring)
MPRegen 0.12/turn               (no ring)

@: no status effects
A: cold resistance 1, negative energy resistance 3, torment resistance 2, heat
vulnerability 1, no potions
a: no special abilities


You were on level 3 of the Dungeon.
You visited 1 branch of the dungeon, and saw 3 of its levels.

You collected 122 gold pieces.

Inventory:

Hand Weapons
 d - a +1 hunting sling of freezing
Armour
 a - a +0 robe (worn)
 c - a +0 pair of boots (worn)
 f - a +0 cloak
Magical Staves
 j - a staff of poison
Scrolls
 b - a scroll of vulnerability {unknown}
 e - 4 scrolls of identify {unknown}
 g - a scroll of enchant weapon {unknown}
 h - a scroll of blinking {unknown}
 i - a scroll of noise {unknown}
 k - a scroll of enchant armour {unknown}


   Skills:
 - Level 1.5 Dodging
 - Level 1.5 Stealth
 + Level 4.5 Spellcasting
 + Level 5.0 Necromancy


You had 10 spell levels left.
You knew the following spells:

 Your Spells              Type           Power      Damage    Failure   Level
a - Pain                  Necr           76%        1d7       1%          1
b - Animate Skeleton      Necr           38%        N/A       1%          1

Your spell library contained the following spells:

 Spells                   Type           Power      Damage    Failure   Level
 Vampiric Draining        Necr           19%        2d7       6%          3
 Animate Dead             Necr           9%         N/A       21%         4
 Agony                    Necr           19%        N/A       50%         5


Dungeon Overview and Level Annotations

Branches:
Dungeon (3/15)

Altars:
Trog


Innate Abilities, Weirdness & Mutations

You are immune to poison.
Your flesh is cold resistant. (rC+)
You are immune to negative energy. (rN+++)
You are immune to unholy pain and torment.
You are vulnerable to heat. (rF-)
You do not drink.


Message History

You see here a staff of poison.
j - a staff of poison
Found 10 stones.
Found a chain mail.
Found a scroll labelled IMUSCH OJARITA.
k - a scroll labelled IMUSCH OJARITA An orc and 2 orc wizards come into view.
An orc wizard is wielding a +2 dagger of holy wrath.
Found a shiny kite shield.
The orc wizard shouts! x2
The orc wizard mumbles some strange words.
The orc wizard flickers and vanishes!
Deactivating autopickup; reactivate with Ctrl-A.
The orc wizard points at you and mumbles some strange words.
You are confused.
You're too confused to cast spells.
Something unseen opens the door.
You feel less confused.
The orc wizard points at you and mumbles some strange words.
The magic dart hits you!
There is a stone staircase leading up here.
You are confused.
You climb upwards.
Reactivating autopickup.
There is a stone staircase leading down here.
Unknown command.
Unknown command.
Unknown command.
Unknown command.
You feel less confused.
Trog sends monsters to punish you. 3 polar bears and a black bear come into view.
You climb downwards.
The orc wizard casts a spell at you. The magic dart hits you.
There is a stone staircase leading up here.
The polar bear barely misses you. The polar bear claws you. x2
The polar bear bites you!!
Ouch! That really hurt!
You die...

##.######### ...........#########
#.......#..........#########
#.......#..................#
#.......#.......(..........###
#.#.......#.....................
#.#.......'<....................
##.#.......#####...###....##.....
................@.........++.....
......########.#h..)......##.....
..........# #...##.......++.....
#.........####+#o.........#......
###....#..#....o........###......
###....#..#...<.........# #......
......###.#..o..........# #......
......# #...####.###...## ###....
......###.........# ..!######....


You could see a polar bear (berserk) and 2 orc wizards.

Vanquished Creatures
  5 adders
  2 worms (D:2)
  5 ball pythons (D:2)
  6 endoplasms
  4 giant cockroaches
  8 goblins
  2 hobgoblins (D:1)
  6 kobolds
  3 quokkas
  2 bats (D:2)
  2 rats (D:2)
45 creatures vanquished.

Notes
Turn   | Place    | Note
-------+----------+-------------------------------------------
     0 | D:1      | BinkBink the Mummy Necromancer began the quest for the Orb.
     0 | D:1      | Reached XP level 1. HP: 13/13 MP: 4/4
     2 | D:1      | Learned a level 1 spell: Animate Skeleton
   195 | D:1      | Reached XP level 2. HP: 19/19 MP: 3/6
   836 | D:1      | Reached XP level 3. HP: 24/24 MP: 1/8
   957 | D:2      | Found a faded altar of an unknown god.
  1391 | D:2      | Reached XP level 4. HP: 30/30 MP: 6/10
  1647 | D:2      | Reached skill level 5 in Necromancy
  2025 | D:2      | Prayed at the altar of an unknown god.
  2025 | D:2      | Became a worshipper of Trog the Wrathful
  2025 | D:2      | Reached * piety under Trog
  2026 | D:2      | Fell from the grace of Trog
  2284 | D:2      | Noticed a black bear
  2284 | D:2      | Noticed a polar bear
  2284 | D:2      | Noticed a polar bear
  2284 | D:2      | Noticed a polar bear
  2290 | D:3      | Mangled by a polar bear

Illustrated notes

Levels and vault maps discovered:
D:1:      dpeg_arrival_solitude, layout_loops_ring, grunt_decor_cap
D:2:      layout_rooms, hellmonk_ecumenical_altar_zigzags,
          minmay_randomly_rotated_circles
D:3:      layout_basic, minmay_crystal_room, supply_closet_lemuel

Skill      XL: |  1  2  3  4 |
---------------+-------------+-----
Spellcasting   | 3 4 |  4.5
Necromancy     | 5 |  5.0
Dodging        | |  1.5
Stealth        | |  1.5

Action                   |  1- 3 |  4- 6 || total
-------------------------+-------+-------++-------
 Cast: Pain              |    56 |    39 ||    95
       Animate Skeleton  |     1 |       ||     1
Invok: Renounce Religion |       |     1 ||     1
Armor: Robe              |     2 |     5 ||     7
Dodge: Dodged            |     4 |    10 ||    14

Table legend: (Time is in decaauts)
 A = Elapsed time spent in this place.
 B = Non-inter-level travel time spent in this place.
 C = Inter-level travel time spent in this place.
 D = Time resting spent in this place.
 E = Time spent auto-exploring this place.
 F = Levels seen in this place.
 G = Mean time per level.
                   A        B        C        D        E       F      G
               +--------+--------+--------+--------+--------+-----+--------+
         Total |   2292 |   2225 |     67 |      0 |   1826 |   3 |  764.0 |
       Dungeon |   2292 |   2225 |     67 |      0 |   1826 |   3 |  764.0 |
               +--------+--------+--------+--------+--------+-----+--------+

Top non-repeatable levels by time:
     D:2: 1208 daAuts
     D:1: 889 daAuts
     D:3: 194 daAuts
